 Dungeon Crawl Stone Soup version 0.27.0-65-ge2af304b15 (webtiles) character file.

Game seed: 7383859084808774474

2609 MacCMillion the Destroyer (level 9, -23/57 HPs)
             Began as a Gargoyle Earth Elementalist on Aug 18, 2021.
             Was a Follower of Vehumet.
             Blown up by a kobold (28 damage)
             ... with a mindburst bolt
             ... on level 7 of the Dungeon.
             The game lasted 00:35:49 (11661 turns).

MacCMillion the Destroyer (GrEE)                   Turns: 11661, Time: 00:35:50

Health: -23/57     AC: 10    Str: 12    XL:     9   Next: 59%
Magic:  7/13       EV: 12    Int: 19    God:    Vehumet [*.....]
Gold:   502        SH:  0    Dex: 10    Spells: 10/14 levels left

rFire    . . .     SeeInvis .   B - +5 dagger (venom)
rCold    . . .     Faith    .   (no shield)
rNeg     + . .     Spirit   .   b - +0 robe
rPois    ∞         Reflect  .   c - +0 helmet
rElec    +         Harm     .   (no cloak)
rCorr    .         Rampage  .   q - +0 pair of gloves
Will     .....                  (no boots)
Stlth    ++........             (no amulet)
HPRegen  0.19/turn              D - ring of flight
MPRegen  0.13/turn              (no ring)

@: flying
A: sickness immunity, AC +6, negative energy resistance 1, electricity
resistance, torment resistance 1, petrification resistance
a: Renounce Religion


You were on level 7 of the Dungeon.
You worshipped Vehumet.
Vehumet was aware of your devotion.
You visited 2 branches of the dungeon, and saw 8 of its levels.
You also visited: Sewer.

You collected 502 gold pieces.

Inventory:

Hand Weapons
 B - a +5 dagger of venom (weapon)
 E - the +5 short sword "Hydrabane" {drain, rF+ rN+ Str+2 Int-2}
   (You took it off a wight on level 7 of the Dungeon)

   A truly terrible weapon, it drains the life of any living foe it strikes.
   Str:       It affects your strength (+2).
   Int:       It affects your intelligence (-2).
   rF:        It protects you from fire.
   rN:        It protects you from negative energy.
Missiles
 u - 66 stones
 A - 32 poisoned darts
Armour
 b - a +0 robe (worn)
 c - a +0 helmet (worn)
 j - a +2 leather armour of poison resistance
 q - a +0 pair of gloves (worn)
Magical Staves
 n - a staff of air
 t - a staff of cold
Jewellery
 D - a ring of flight (left hand)
Wands
 i - a wand of flame (10)
Scrolls
 e - 4 scrolls of teleportation
 f - 3 scrolls of vulnerability {unknown}
 g - a scroll of amnesia {unknown}
 h - a scroll of silence {unknown}
 k - a scroll of immolation {unknown}
 p - 2 scrolls of enchant weapon
 x - 3 scrolls of fear
 y - a scroll of fog {unknown}
Potions
 a - a potion of magic {unknown}
 d - a potion of ambrosia {unknown}
 l - 2 potions of flight
 m - 3 potions of brilliance
 o - 3 potions of mutation
 r - 2 potions of curing
 s - a potion of lignification {unknown}
 v - a potion of invisibility {unknown}
 w - 4 potions of cancellation
 z - 2 potions of haste {unknown}
 C - a potion of attraction {unknown}


   Skills:
 + Level 7.5 Fighting
 - Level 1.6 Dodging
 - Level 2.4 Stealth
 - Level 3.0 Spellcasting
 - Level 9.7 Conjurations
 - Level 0.7 Transmutations
 - Level 7.0 Earth Magic
 + Level 0.2 Evocations


You had 10 spell levels left.
You knew the following spells:

 Your Spells              Type           Power      Damage    Failure   Level
a - Sandblast             Erth           58%        2d13      1%          1
b - Stone Arrow           Conj/Erth      68%        3d11      1%          3

Your spell library contained the following spells:

 Spells                   Type           Power      Damage    Failure   Level
 Freeze                   Ice            8%         1d3       16%         1
 Passwall                 Tmut/Erth      14%        N/A       4%          2
 Petrify                  Tmut/Erth      17%        N/A       30%         4
 Gell's Gravitas          Tloc           1%         N/A       41%         3
 Ozocubu's Armour         Ice            2%         N/A       41%         3
 Teleport Other           Tloc           2%         N/A       41%         3
 Irradiate                Conj/Tmut      11%        3d17      43%         5
 Lightning Bolt           Conj/Air       10%        1d23      50%         5
 Airstrike                Air            1%         N/A       83%         4
 Summon Lightning Spire   Summ/Air       2%         N/A       83%         4
 Metabolic Englaciation   Hex/Ice        1%         N/A       99%         5
 Dispersal                Tloc           1%         N/A       100%        6
 Simulacrum               Ice/Necr       1%         N/A       100%        6
 Sublimation of Blood     Necr           Unusable   N/A       N/A         2

Dungeon Overview and Level Annotations

Branches:
Dungeon (7/15)             Temple (1/1) D:5           Sewer (visited)

Altars:
Ashenzari
Cheibriados
Fedhas
Gozag
Hepliaklqana
Kikubaaqudgha
Makhleb
Nemelex Xobeh
Okawaru
Qazlal
Ru
Sif Muna
Trog
Uskayaw
Vehumet
Yredelemnul
The Shining One

Annotations:
D:4 Pikel
D:5 Sigmund
D:7 2 transporters, puimuR's ghost, novice HOBr


Innate Abilities, Weirdness & Mutations

You are immune to sickness and miasma.
Your stone body is resilient. (AC +6)
You are immune to poison.
You resist negative energy. (rN+)
You are resistant to electric shocks. (rElec)
You are resistant to unholy torment.
You are immune to petrification.


Message History

You now have 502 gold pieces (gained 11).
u - 66 stones (gained 15)
An orc is nearby!
Found a chain mail.
Found 23 gold pieces.
Found a transporter.
Found a potion of curing.
Found a transporter.
No target in view!
A kobold brigand comes into view.
The kobold brigand shouts!
The kobold brigand wields a +0 hand crossbow.
The kobold brigand shoots a bolt.
The bolt hits you but does no damage.
Found a rapier and 7 sling bullets.
You miscast Stone Arrow.
You are very lightly contaminated with residual magic.
Nothing appears to happen.
The ogre shouts!
The orc shouts!
You hear a shout! x2
The kobold brigand shoots a bolt.
The bolt closely misses you.
A kobold comes into view.
It is wielding a +0 club and carrying a wand of mindburst (11).
The kobold brigand shoots a bolt.
The bolt hits you.
The kobold shouts!
Your magical contamination has completely faded away.
The stone arrow misses the orc.
The stone arrow hits the orc!!
You kill the orc!
Vehumet accepts your kill.
The kobold brigand shoots a bolt.
The bolt hits you.
You see here 17 sling bullets.
The kobold brigand shoots a bolt.
The bolt hits you!
There is a stone staircase leading down here.
The kobold zaps a wand.
You struggle to resist.
The kobold brigand shoots a bolt.
The bolt closely misses you.
The kobold brigand shoots a bolt.
The bolt hits you.
You can't see any susceptible monsters within range! (Use Z to cast anyway.)
The kobold zaps a wand.
Your mind is blasted!
The kobold brigand shoots a bolt.
The bolt hits you!
* * * LOW HITPOINT WARNING * * *
The kobold brigand shoots a bolt.
The bolt hits you!
* * * LOW HITPOINT WARNING * * *
The kobold zaps a wand.
Your mind is blasted!
You die...

##################
..................#
..................#
..................############
#...........##..............#
+..........)................#
##...........#@..............#
.............#....>..........#
######'###..#.....[.........#
...#........#..#...............#
...#........#.<#....[..........#
...#......).#..#...............#
...#........#..#...K...........#
...####'#####..#..K............#
.....)....).[..#..(............#


You could see a kobold brigand and a kobold.

Vanquished Creatures
  Grinder (D:6)
  Edmund (D:6)
  Duvessa (D:5)
  A black bear (D:6)
  A necrophage (D:5)
  2 sky beasts (D:6)
  An ogre (D:7)
  2 centaurs
  3 lemures
  2 phantoms (D:6)
  Blork the orc (D:5)
  Dowan (D:5)
  4 scorpions
  A water moccasin skeleton (D:6)
  7 wights (D:7)
  2 howler monkeys (D:7)
  5 hounds
  A jelly (D:6)
  An orc priest (D:5)
  A centaur skeleton (D:6)
  2 iguanas
  3 orc wizards
  A hound skeleton (D:4)
  12 gnolls
  A howler monkey skeleton (D:4)
  A howler monkey zombie (D:4)
  7 adders
  2 worms (D:3)
  3 dart slugs
  13 orcs
  10 ball pythons
  5 bats
  7 endoplasms
  7 giant cockroaches
  5 goblins
  5 hobgoblins
  7 jackals
  8 quokkas
  10 frilled lizards
  15 kobolds
  5 rats
168 creatures vanquished.

Vanquished Creatures (others)
  A quokka (D:7)
  2 fungi (D:5)
  4 plants (Sewer)
  3 toadstools (D:5)
10 creatures vanquished.

Grand Total: 178 creatures vanquished

Notes
Turn   | Place    | Note
-------+----------+-------------------------------------------
     0 | D:1      | MacCMillion the Gargoyle Earth Elementalist began the quest
                  | for the Orb.
     0 | D:1      | Reached XP level 1. HP: 10/10 MP: 3/3
   171 | D:1      | Reached XP level 2. HP: 15/15 MP: 5/5
  1011 | D:2      | Reached XP level 3. HP: 19/19 MP: 4/6
  1076 | D:2      | Learned a level 3 spell: Stone Arrow
  1273 | D:2      | Reached skill level 5 in Earth Magic
  2229 | D:3      | Reached skill level 1 in Conjurations
  2229 | D:3      | Reached XP level 4. HP: 24/24 MP: 3/7
  2858 | D:2      | Reached skill level 2 in Conjurations
  2932 | D:3      | Reached XP level 5. HP: 28/28 MP: 5/8
  4218 | D:4      | Reached skill level 3 in Conjurations
  4835 | D:4      | Reached XP level 6. HP: 32/32 MP: 6/9
  5272 | D:4      | Reached skill level 4 in Conjurations
  5651 | D:4      | Noticed Pikel
  6590 | D:5      | Entered Level 5 of the Dungeon
  6628 | D:4      | Reached skill level 5 in Conjurations
  6628 | D:4      | Reached XP level 7. HP: 36/36 MP: 0/10
  6838 | D:5      | Found a glowing drain.
  6910 | Sewer    | Entered a sewer
  6945 | Sewer    | Reached skill level 6 in Conjurations
  7947 | D:5      | Found a staircase to the Ecumenical Temple.
  7956 | Temple   | Entered the Ecumenical Temple
  8200 | Temple   | Became a worshipper of Vehumet
  8404 | D:5      | Noticed Dowan
  8501 | D:5      | Noticed Duvessa
  8517 | D:5      | Killed Duvessa
  8518 | D:5      | Reached skill level 7 in Conjurations
  8522 | D:5      | Killed Dowan
  8523 | D:5      | Reached XP level 8. HP: 37/41 MP: 1/11
  8837 | D:5      | Reached skill level 8 in Conjurations
  8913 | D:5      | Noticed Blork the orc
  8923 | D:5      | Killed Blork the orc
  9184 | D:5      | Noticed Sigmund
  9431 | D:6      | Noticed Edmund
  9458 | D:6      | Killed Edmund
  9459 | D:6      | Reached skill level 9 in Conjurations
  9829 | D:6      | Reached skill level 1 in Fighting
 10216 | D:6      | Reached XP level 9. HP: 49/51 MP: 7/13
 10469 | D:6      | Noticed Grinder
 10499 | D:6      | Killed Grinder
 10500 | D:6      | Reached skill level 5 in Fighting
 10941 | D:7      | Found a glowing golden altar of the Shining One.
 11102 | D:7      | Identified the +5 short sword "Hydrabane" {drain, rF+ rN+
                  | Str+2 Int-2}
 11261 | D:7      | Reached * piety under Vehumet
 11261 | D:7      | Offered knowledge of Freeze by Vehumet.
 11631 | D:7      | Found a transporter.
 11632 | D:7      | Found a transporter.
 11634 | D:7      | Noticed puimuR's ghost (novice HOBr)
 11661 | D:7      | Blown up by a kobold

Illustrated notes

Levels and vault maps discovered:
D:1:      dpeg_arrival_refuge, layout_rooms, minivault_4, serial_bayou_lagoon_b
D:2:      layout_basic, minmay_domino_2
D:3:      layout_basic
D:4:      layout_basic, uniq_pikel
D:5:      layout_rooms, minmay_temple_entry_proselytizer, portal_sewer_entry_f,
          nicolae_zen_rock_garden, minmay_misc_feat_chi,
          minmay_gold_behind_fungi, uniq_blork_the_orc, uniq_duvessa,
          uniq_sigmund
D:6:      layout_rooms, hangedman_minor_gate_pass, uniq_grinder, uniq_edmund
D:7:      layout_basic, mainiacjoe_overflow_paths,
          gammafunk_temple_overflow_forgotten, elyvilon_altar_4,
          gammafunk_ghost_smash
Temple:   eino_temple_scatter_basement

Skill      XL: |  1  2  3  4  5  6  7  8  9 |
---------------+----------------------------+-----
Earth Magic    | 4 5 6 7 |  7.0
Conjurations   | 1 2 3 5 7 9 |  9.7
Fighting       | 3 7 |  7.5
Spellcasting   | 3 |  3.0
Dodging        | |  1.6
Stealth        | |  2.4
Transmutations | |  0.7
Evocations     | |  0.2

Action                   |  1- 3 |  4- 6 |  7- 9 || total
-------------------------+-------+-------+-------++-------
Melee: Whip              |    16 |       |       ||    16
       Short sword       |    28 |       |       ||    28
       Dagger            |    74 |   177 |   158 ||   409
 Cast: Sandblast         |    22 |    43 |    11 ||    76
       Stone Arrow       |       |    13 |   100 ||   113
  Use: Scroll            |       |     4 |     4 ||     8
 Stab: Sleeping          |     4 |     4 |     1 ||     9
Armor: Robe              |    51 |    66 |    77 ||   194
Dodge: Dodged            |    70 |   113 |   106 ||   289
